 Dungeon Crawl Stone Soup version 0.28-a0-895-g6e5f11bd55 (webtiles) character file.

Game seed: 8158521080113108558

56 Rennog the Skirmisher (level 3, -8/23 HPs)
             Began as a Deep Elf Fighter on Nov 21, 2021.
             Mangled by an ogre (13 damage)
             ... on level 2 of the Dungeon on Nov 22, 2021.
             The game lasted 00:02:58 (2553 turns).

Rennog the Skirmisher (Deep Elf Fighter)            Turns: 2553, Time: 00:02:58

Health: -8/23      AC:  7    Str: 13    XL:     3   Next: 69%
Magic:  8/8        EV:  9    Int: 13    God:
Gold:   84         SH:  5    Dex: 20    Spells: 7/7 levels left

rFire   . . .      SeeInvis .   a - +0 rapier
rCold   . . .      Faith    .   c - +0 buckler
rNeg    . . .      Spirit   .   b - +0 scale mail
rPois   .          Reflect  .   (no helmet)
rElec   .          Harm     .   (no cloak)
rCorr   .          Rampage  .   j - +0 pair of gloves
Will    .....                   (no boots)
Stlth   ..........              (no amulet)
HPRegen 0.07/turn               e - +6 ring of dexterity
MPRegen 0.11/turn               (no ring)

@: no status effects
A: no striking features
a: no special abilities


You were on level 2 of the Dungeon.
You visited 1 branch of the dungeon, and saw 3 of its levels.

You collected 84 gold pieces.

Inventory:

Hand Weapons
 a - a +0 rapier (weapon)
Armour
 b - a +0 scale mail (worn)
 c - a +0 buckler (worn)
 j - a +0 pair of gloves (worn)
Jewellery
 e - a +6 ring of dexterity (left hand)
Scrolls
 f - a scroll of identify {unknown}
 g - 2 scrolls of noise {unknown}
 h - a scroll of teleportation {unknown}
 i - a scroll of enchant armour {unknown}
Potions
 d - a potion of might


   Skills:
 + Level 3.0 Fighting
 - Level 2.0 Short Blades
 - Level 2.4 Armour
 + Level 2.1 Dodging
 - Level 2.4 Shields
 + Level 2.5 Spellcasting


You had 7 spell levels left.
You didn't know any spells.
Your spell library was empty.

Dungeon Overview and Level Annotations

Branches:
Dungeon (3/15)

Altars:

Shops:
D:2 (


Message History

An orc and an orc wizard come into view.
The goblin hits you with a +0 club.
You closely miss the goblin. The goblin hits you but does no damage.
The goblin barely misses you.
The orc wizard points at you and mumbles some strange words.
The magic dart hits you! The goblin hits you but does no damage.
There is an open door here.
There is a stone staircase leading up here.
The goblin completely misses you.
You climb upwards.
There is a stone staircase leading down here.
You barely miss the goblin. The goblin barely misses you.
You completely miss the goblin. The goblin hits you with a +0 club.
You barely miss the goblin. The goblin hits you with a +0 club.
The goblin hits you but does no damage.
You miss the goblin. The goblin closely misses you.
You puncture the goblin!
You kill the goblin!
You start resting.
HP restored.
You see here 13 bolts.
There is an escape hatch in the floor here.
There is a stone staircase leading down here.
You climb downwards.
There is a stone staircase leading up here.
The ogre barely misses you.
You climb upwards.
There is a stone staircase leading down here.
You hit the ogre but do no damage. The ogre barely misses you.
You hit the ogre.
The ogre is lightly wounded.
The ogre hits you with a +0 giant club!!
Ouch! That really hurt!
* * * LOW HITPOINT WARNING * * *
There is a stone staircase leading down here.
There is an escape hatch in the floor here.
The ogre hits you with a +0 giant club!
Ouch! That really hurt!
You die...

....#.# #.# #....#... ....#.##
#.# ####...## ....#..# #.#
#...### ######.# #.# #.#.... #.#
#.## ######.##### #.# #..#
#.........). #.## ###.##
#......##### #..# #..O.# ########
##.# #..@.# #.# #....#
#######.######<...########
..................(......#######
♣♣♣♣♣####....#....######.......##
♣..♣♣♣ ####........####.........
♣♣..P♣♣#######....#.)..........##
♣....♣........................#
#♣♣...♣♣###############.......#


You could see an ogre.

Vanquished Creatures
  An adder (D:2)
  2 worms (D:2)
  A dart slug (D:2)
  7 ball pythons
  2 bats (D:1)
  6 goblins
  5 hobgoblins
  4 jackals (D:1)
  A kobold (D:2)
  4 frilled lizards
  3 rats (D:1)
36 creatures vanquished.

Vanquished Creatures (others)
  10 plants (D:2)
10 creatures vanquished.

Grand Total: 46 creatures vanquished

Notes
Turn   | Place    | Note
-------+----------+-------------------------------------------
     0 | D:1      | Rennog the Deep Elf Fighter began the quest for the Orb.
     0 | D:1      | Reached XP level 1. HP: 13/13 MP: 3/3
   174 | D:1      | Reached skill level 1 in Spellcasting
   245 | D:1      | Found a faded altar of an unknown god.
   248 | D:1      | Reached skill level 1 in Dodging
   248 | D:1      | Reached XP level 2. HP: 18/18 MP: 5/5
  1136 | D:2      | Reached XP level 3. HP: 22/22 MP: 8/8
  1527 | D:2      | Found Lovvef's Antique Weapon Emporium.
  2169 | D:3      | Noticed an ogre
  2245 | D:2      | Upgraded the game from 0.28-a0-872-g80cf8599ee to
                  | 0.28-a0-895-g6e5f11bd55
  2255 | D:3      | Reached skill level 3 in Fighting
  2553 | D:2      | Mangled by an ogre

Illustrated notes

Levels and vault maps discovered:
D:1:      co_arrival_square_in_a_square_in_a_square, layout_basic,
          ebering_ecumenical_altar_sacrificial
D:2:      layout_rooms, serial_shops, shop, serial_forest,
          infiniplex_forest_straight_4, infiniplex_forest_lined_room_,
          infiniplex_forest_split, infiniplex_forest_clump_small,
          infiniplex_forest_clump_medium, infiniplex_forest_end_1,
          serial_bayou_pond_d
D:3:      layout_basic, grunt_ministairs_15

Skill      XL: |  1  2  3 |
---------------+----------+-----
Spellcasting   | 1 2 |  2.5
Dodging        | 1 2 |  2.1
Fighting       | 3 |  3.0
Short Blades   | |  2.0
Armour         | |  2.4
Shields        | |  2.4

Action                   || total
-------------------------++-------
Melee: Rapier            ||   118
Armor: Scale mail        ||    41
Dodge: Dodged            ||    56
Block: Buckler           ||    27

Table legend: (Time is in decaauts)
 A = Elapsed time spent in this place.
 B = Non-inter-level travel time spent in this place.
 C = Inter-level travel time spent in this place.
 D = Time resting spent in this place.
 E = Time spent auto-exploring this place.
 F = Levels seen in this place.
 G = Mean time per level.
                   A        B        C        D        E       F      G
               +--------+--------+--------+--------+--------+-----+--------+
         Total |   2572 |   2394 |    178 |    140 |   1919 |   3 |  857.3 |
       Dungeon |   2572 |   2394 |    178 |    140 |   1919 |   3 |  857.3 |
               +--------+--------+--------+--------+--------+-----+--------+

Top non-repeatable levels by time:
     D:2: 1461 daAuts
     D:1: 1050 daAuts
     D:3: 60 daAuts
